 Dungeon Crawl Stone Soup version 0.29-a0-925-g0a7a3d12f8 (webtiles) character file.

Game seed: 9728724207402991324

30 flotson the Sneak (level 3, -2/29 HPs)
             Began as a Demonspawn Delver on July 29, 2022.
             Slain by a jackal (3 damage)
             ... on level 2 of the Dungeon.
             The game lasted 00:02:51 (594 turns).

flotson the Sneak (Demonspawn Delver)                Turns: 594, Time: 00:02:51

Health: -2/29      AC:  5    Str: 14    XL:     3   Next: 3%
Magic:  3/3        EV: 11    Int: 11    God:
Gold:   26         SH:  0    Dex: 14    Spells: 2/2 levels left

rFire   . . .      SeeInvis .   a - +0 spear
rCold   . . .      Faith    .   (no shield)
rNeg    . . .      Spirit   .   k - +0 ring mail
rPois   .          Reflect  .   (helmet restricted)
rElec   .          Harm     .   (no cloak)
rCorr   .          Rampage  .   (no gloves)
Will    .....                   (no boots)
Stlth   ++........              (no amulet)
HPRegen 0.09/turn               (no ring)
MPRegen 0.08/turn               (no ring)

@: hasted, very quick
A: horns 1, sturdy frame 1
a: no special abilities


You were on level 2 of the Dungeon.
You visited 1 branch of the dungeon, and saw 4 of its levels.

You collected 26 gold pieces.

Inventory:

Hand Weapons
 a - a +0 spear (weapon)
Armour
 k - a +0 ring mail (worn)
Wands
 e - a wand of paralysis (6)
 g - a wand of digging (3)
Scrolls
 c - a scroll of fog
 h - a scroll of poison {unknown}
 i - a scroll of enchant weapon {unknown}
 j - a scroll of identify {unknown}


   Skills:
 + Level 3.2 Fighting
 + Level 0.8(1.4) Axes
 - Level 1.7(1.9) Polearms
 + Level 0.9 Armour
 + Level 2.1 Dodging
 - Level 4.5 Stealth
 + Level 1.0 Evocations


You had 2 spell levels left.
You didn't know any spells.
Your spell library contained the following spells:

 Spells                   Type           Power      Damage    Failure   Level
 Tukima's Dance           Hex            0%         N/A       83%         3
 Passage of Golubria      Tloc           0%         N/A       99%         4
 Yara's Violent Unravell  Hex/Tmut       0%         3d3       100%        5


Dungeon Overview and Level Annotations

Branches:
Dungeon (5/15)
 Temple: D:4-7

Altars:
Dithmenos
Nemelex Xobeh

Annotations:
D:3 Grinder
D:4 Natasha


Innate Abilities, Weirdness & Mutations

You have a pair of small horns on your head.
Your movements are slightly less encumbered by armour. (ER -2)


Message History

The roots grasp on you weakens, but your attempt to escape fails.
The jackal bites you.
The jackal bites you but does no damage.
The kobold throws a stone.
The stone closely misses you. The grasping roots constrict you.
The grasping roots release their grip on you.
The jackal bites you but does no damage.
Grinder gestures at you.
You suddenly lose the ability to move!
The kobold hits you with a +0 dagger. Grinder hits you.
You writhe in agony.
* * * LOW HITPOINT WARNING * * *
The jackal bites you but does no damage. x2
The kobold hits you but does no damage.
Grinder blinks!
The jackal bites you but does no damage.
The jackal bites you.
* * * LOW HITPOINT WARNING * * *
The jackal bites you.
* * * LOW HITPOINT WARNING * * *
The jackal bites you.
* * * LOW HITPOINT WARNING * * *
The jackal bites you but does no damage.
The kobold completely misses you.
You can move again.
You feel yourself speed up.
The jackal bites you but does no damage.
The jackal barely misses you.
The jackal bites you but does no damage.
The kobold hits you but does no damage.
Found a stone staircase leading down.
Found a stone staircase leading up.
A gnoll comes into view. It is wielding a +0 club.
A gnoll comes into view. It is wielding a +0 spear.
There is a stone staircase leading up here.
The jackal bites you but does no damage.
You climb upwards.
There is a stone staircase leading down here.
You hit the jackal. Your headbutt misses the jackal.
The jackal is almost dead.
The jackal bites you.
You die...

###########
.####..........
......h@.......
.###..#########
#. #


You could see a jackal.

Vanquished Creatures
  A gnoll (D:4)
  2 adders (D:4)
  An orc (D:3)
4 creatures vanquished.

Notes
Turn   | Place    | Note
-------+----------+-------------------------------------------
     0 | D:5      | flotson the Demonspawn Delver began the quest for the Orb.
     0 | D:5      | Reached XP level 1. HP: 18/18 MP: 1/1
    39 | D:4      | Gained mutation: You have a pair of small horns on your
                  | head. [demonic ancestry]
    39 | D:4      | Reached XP level 2. HP: 4/24 MP: 2/2
   311 | D:4      | Found a shadowy altar of Dithmenos.
   325 | D:4      | Noticed Natasha
   360 | D:3      | Noticed a black bear
   410 | D:3      | Reached skill level 1 in Evocations
   410 | D:3      | Gained mutation: Your movements are slightly less
                  | encumbered by armour. (ER -2) [demonic ancestry]
   410 | D:3      | Reached XP level 3. HP: 26/29 MP: 3/3
   567 | D:3      | Noticed Grinder
   577 | D:3      | Paralysed by Grinder for 4 turns
   580 | D:3      | HP: 1/29 [jackal (2)]
   594 | D:2      | Slain by a jackal

Illustrated notes

Levels and vault maps discovered:
D:2:      layout_basic
D:3:      layout_loops_cross, mainiacjoe_overflow_alcove_4,
          mainiacjoe_overflow_two_lobes, uniq_grinder
D:4:      layout_cave_pods, grunt_dithmenos_smoke_and_mirrors, uniq_natasha
D:5:      layout_basic, nemelex_xobeh_ov_fountains_minmay, serial_shops, shop,
          shop_statue, shop, kennysheep_mini, gup_sewer_entry_bowl,
          minmay_fractal_squares_gapless_5

Skill      XL: |  1  2 |
---------------+-------+-----
Dodging        | 2 |  2.1
Evocations     | 1 |  1.0
Fighting       | |  3.2
Axes           | |  0.8
Polearms       | |  1.7
Armour         | |  0.9
Stealth        | |  4.5

Action                   || total
-------------------------++-------
Melee: Spear             ||    15
       Headbutt          ||     2
Evoke: Wand              ||     5
  Use: Scroll            ||     2
       Potion            ||     1
 Stab: Paralysed         ||     9
Armor: Leather armour    ||     1
       Ring mail         ||    12
Dodge: Dodged            ||    10

Table legend: (Time is in decaauts)
 A = Elapsed time spent in this place.
 B = Non-inter-level travel time spent in this place.
 C = Inter-level travel time spent in this place.
 D = Time resting spent in this place.
 E = Time spent auto-exploring this place.
 F = Levels seen in this place.
 G = Mean time per level.
                   A        B        C        D        E       F      G
               +--------+--------+--------+--------+--------+-----+--------+
         Total |    589 |    589 |      0 |      0 |    404 |   4 |  147.2 |
       Dungeon |    589 |    589 |      0 |      0 |    404 |   4 |  147.2 |
               +--------+--------+--------+--------+--------+-----+--------+

Top non-repeatable levels by time:
     D:4: 335 daAuts
     D:3: 237 daAuts
     D:5: 16 daAuts
     D:2: 0 daAuts
